TOP OF THE 1ST |
Belvedere Park Rawhides batting - Pitching for Long Island Seawolves : RHP Lorenzo Fabián
|
Pitching: RHP Lorenzo Fabián
|
|
Batting: RHB Ed Jozwiak
|
0-0: Ball 1-0: Fly out, F4 (Popup, 4D)
|
Batting: SHB Manuel González
|
0-0: Ball 1-0: Swinging Strike 1-1: Ball 2-1: Ball 3-1: Bunted foul 3-2: Foul Ball, location: 2F 3-2: Ground out U3 (Groundball, 34)
|
Pitching: LHP Jim Unknown
|
|
Batting: RHB Tracy Parker
|
0-0: Ball 1-0: Swinging Strike 1-1: Ball 2-1: Swinging Strike 2-2: Strikes out swinging
|
Top of the 1st over - 0 run(s), 0 hit(s), 0 error(s), 0 left on base; Belvedere Park 0 - Long Island 0 |
BOTTOM OF THE 1ST |
Long Island Seawolves batting - Pitching for Belvedere Park Rawhides : RHP Ricardo Suárez
|
Pitching: RHP Ricardo Suárez
|
|
Batting: RHB Arturo Morales
|
0-0: DOUBLE (Line Drive, 9LM)
|
Batting: LHB Joe Sutton
|
0-0: Called Strike 0-1: Ball 1-1: Ball 2-1: Ball 3-1: Base on Balls
|
Batting: LHB Jim Unknown
|
0-0: Called Strike 0-1: Swinging Strike 0-2: Ground out 5-3 (Groundball, 56S) Arturo Morales to third Joe Sutton to second
|
Batting: RHB Jesús Quintana
|
0-0: Ball 1-0: Ball 2-0: Ball 3-0: Called Strike 3-1: Base on Balls
|
Batting: RHB Sang Hong-Do
|
0-0: Ball 1-0: Called Strike 1-1: Swinging Strike 1-2: Ball 2-2: GRAND SLAM HOME RUN (Flyball, 7LD), Distance : 330 ft
|
Batting: RHB Jim Unknown
|
0-0: Called Strike 0-1: Ball 1-1: Called Strike 1-2: Ball 2-2: Foul Ball, location: 2F 2-2: SINGLE (Groundball, 56D)
|
Batting: RHB José Magana
|
0-0: Ball 1-0: Swinging Strike 1-1: Foul Ball, location: 2F 1-2: Fly out, F7 (Flyball, 7S)
|
Batting: SHB Britt Ducker
|
0-0: Fielders Choice at 2nd, 4-6 (Groundball, 34D)
|
Bottom of the 1st over - 4 run(s), 3 hit(s), 0 error(s), 0 left on base; Belvedere Park 0 - Long Island 4 |
TOP OF THE 2ND |
Belvedere Park Rawhides batting - Pitching for Long Island Seawolves : LHP Jim Unknown
|
Batting: LHB António Serrano
|
0-0: Ball 1-0: Called Strike 1-1: Ball 2-1: Swinging Strike 2-2: Ball 3-2: Foul Ball, location: 2F 3-2: Base on Balls
|
Batting: RHB Hugo Rampley
|
0-0: Ball 1-0: Ball 2-0: Foul Ball, location: 2F 2-1: 2-RUN HOME RUN (Flyball, 8LXD), Distance : 425 ft
|
Batting: LHB José Pérez
|
0-0: Swinging Strike 0-1: Foul Ball, location: 2F 0-2: Ball 1-2: Ball 2-2: Strikes out looking
|
Batting: RHB José Ortíz
|
0-0: Swinging Strike 0-1: Ball 1-1: Ball 2-1: Ground out 5-3 (Groundball, 56S)
|
Batting: RHB Fernando Rutledge
|
0-0: Ball 1-0: Called Strike 1-1: Ball 2-1: Ball 3-1: Foul Ball, location: 2F 3-2: Foul Ball, location: 2F 3-2: Ground out 5-3 (Groundball, 56S)
|
Top of the 2nd over - 2 run(s), 1 hit(s), 0 error(s), 0 left on base; Belvedere Park 2 - Long Island 4 |
BOTTOM OF THE 2ND |
Long Island Seawolves batting - Pitching for Belvedere Park Rawhides : RHP Ricardo Suárez
|
Batting: RHB Pablo Ledesma
|
0-0: Called Strike 0-1: Foul Ball, location: 2F 0-2: Strikes out swinging
|
Batting: RHB Arturo Morales
|
0-0: Ball 1-0: Ball 2-0: Fly out, F8 (Flyball, 8RM)
|
Batting: LHB Joe Sutton
|
0-0: Foul Ball, location: 2F 0-1: Foul Ball, location: 2F 0-2: Ball 1-2: Strikes out swinging
|
Bottom of the 2nd over - 0 run(s), 0 hit(s), 0 error(s), 0 left on base; Belvedere Park 2 - Long Island 4 |
TOP OF THE 3RD |
Belvedere Park Rawhides batting - Pitching for Long Island Seawolves : LHP Jim Unknown
|
Pitching: RHP Jim Unknown
|
|
Batting: RHB Marshall Lamar
|
0-0: Called Strike 0-1: Swinging Strike 0-2: Strikes out swinging
|
Batting: RHB Ed Jozwiak
|
0-0: Fly out, F6 (Popup, 56D)
|
Batting: SHB Manuel González
|
0-0: Called Strike 0-1: Foul Ball, location: 2F 0-2: Ball 1-2: Strikes out swinging
|
Top of the 3rd over - 0 run(s), 0 hit(s), 0 error(s), 0 left on base; Belvedere Park 2 - Long Island 4 |
BOTTOM OF THE 3RD |
Long Island Seawolves batting - Pitching for Belvedere Park Rawhides : RHP Ricardo Suárez
|
Batting: LHB Jim Unknown
|
0-0: Ball 1-0: Fly out, F8 (Line Drive, 8RD)
|
Batting: RHB Jesús Quintana
|
0-0: Called Strike 0-1: Ball 1-1: Foul Ball, location: 2F 1-2: Ball 2-2: Ground out 5-3 (Groundball, 56S)
|
Batting: RHB Sang Hong-Do
|
0-0: Foul Ball, location: 2F 0-1: Ground out 5-3 (Groundball, 56)
|
Bottom of the 3rd over - 0 run(s), 0 hit(s), 0 error(s), 0 left on base; Belvedere Park 2 - Long Island 4 |
TOP OF THE 4TH |
Belvedere Park Rawhides batting - Pitching for Long Island Seawolves : RHP Jim Unknown
|
Batting: RHB Tracy Parker
|
0-0: Ball 1-0: Called Strike 1-1: Swinging Strike 1-2: Fly out, F7 (Flyball, 7)
|
Batting: LHB António Serrano
|
0-0: Ball 1-0: Ball 2-0: Ball 3-0: Base on Balls
|
Batting: RHB Hugo Rampley
|
0-0: Ball 1-0: Fly out, F5 (Line Drive, 5S)
|
Batting: LHB José Pérez
|
0-0: Swinging Strike 0-1: Ball 1-1: Foul Ball, location: 2F 1-2: Foul Ball, location: 2F 1-2: Strikes out swinging
|
Top of the 4th over - 0 run(s), 0 hit(s), 0 error(s), 1 left on base; Belvedere Park 2 - Long Island 4 |
BOTTOM OF THE 4TH |
Long Island Seawolves batting - Pitching for Belvedere Park Rawhides : RHP Ricardo Suárez
|
Batting: RHB Jim Unknown
|
0-0: Ball 1-0: Foul Ball, location: 2F 1-1: Reached on error, E6 (Groundball, 6)
|
Batting: RHB José Magana
|
0-0: Fly out, F9 (Flyball, 9LMF)
|
Batting: SHB Britt Ducker
|
0-0: Called Strike 0-1: Ball 1-1: Ball 2-1: Ball 3-1: Fly out, F7 (Flyball, 7S)
|
Batting: RHB Pablo Ledesma
|
0-0: Swinging Strike 0-1: Ball 1-1: SINGLE (Groundball, 6MD) Jim Unknown to second Runner from 2nd tries for 3rd, SAFE, throw made to third
|
Batting: RHB Arturo Morales
|
0-0: Called Strike 0-1: DOUBLE (Line Drive, 78D) Jim Unknown scores Pablo Ledesma to third
|
Batting: LHB Joe Sutton
|
0-0: Foul Ball, location: 2F 0-1: Swinging Strike 0-2: Ball 1-2: Strikes out looking
|
Bottom of the 4th over - 1 run(s), 2 hit(s), 1 error(s), 2 left on base; Belvedere Park 2 - Long Island 5 |
TOP OF THE 5TH |
Belvedere Park Rawhides batting - Pitching for Long Island Seawolves : RHP Jim Unknown
|
Batting: RHB José Ortíz
|
0-0: Called Strike 0-1: Foul Ball, location: 2F 0-2: Ball 1-2: Ball 2-2: Fly out, F7 (Line Drive, 7D)
|
Batting: RHB Fernando Rutledge
|
0-0: Fly out, F6 (Line Drive, 6)
|
Batting: RHB Marshall Lamar
|
0-0: Foul Ball, location: 2F 0-1: SINGLE (Groundball, 6D)
|
Batting: RHB Ed Jozwiak
|
0-0: Ball 1-0: Ball 2-0: Called Strike 2-1: SINGLE (Groundball, 56D) Marshall Lamar to second
|
Batting: SHB Manuel González
|
0-0: Called Strike 0-1: Ball 1-1: Called Strike 1-2: Strikes out swinging
|
Top of the 5th over - 0 run(s), 2 hit(s), 0 error(s), 2 left on base; Belvedere Park 2 - Long Island 5 |
BOTTOM OF THE 5TH |
Long Island Seawolves batting - Pitching for Belvedere Park Rawhides : RHP Ricardo Suárez
|
Batting: LHB Jim Unknown
|
0-0: Fly out, F6 (Line Drive, 56D)
|
Batting: RHB Jesús Quintana
|
0-0: Ball 1-0: Called Strike 1-1: Ball 2-1: Swinging Strike 2-2: Ball 3-2: Foul Ball, location: 2F 3-2: Strikes out swinging
|
Batting: RHB Sang Hong-Do
|
0-0: Ball 1-0: Ball 2-0: Ball 3-0: Called Strike 3-1: Base on Balls
|
Batting: RHB Jim Unknown
|
0-0: Called Strike 0-1: Called Strike 0-2: Ball Sang Hong-Do is caught stealing 2nd base
|
Bottom of the 5th over - 0 run(s), 0 hit(s), 0 error(s), 0 left on base; Belvedere Park 2 - Long Island 5 |
TOP OF THE 6TH |
Belvedere Park Rawhides batting - Pitching for Long Island Seawolves : RHP Jim Unknown
|
Batting: RHB Tracy Parker
|
0-0: Ball 1-0: SINGLE (Line Drive, 6MS) (infield hit)
|
Batting: LHB António Serrano
|
0-0: Called Strike 0-1: Ball 1-1: Fly out, F5 (Popup, 5S)
|
Batting: RHB Hugo Rampley
|
0-0: Ball 1-0: Ball 2-0: Called Strike 2-1: Fly out, F8 (Flyball, 8LXD)
|
Batting: LHB José Pérez
|
0-0: Swinging Strike 0-1: Ball 1-1: Called Strike 1-2: Ground out 3-1 (Groundball, 3)
|
Top of the 6th over - 0 run(s), 1 hit(s), 0 error(s), 1 left on base; Belvedere Park 2 - Long Island 5 |
BOTTOM OF THE 6TH |
Long Island Seawolves batting - Pitching for Belvedere Park Rawhides : RHP Ricardo Suárez
|
Batting: RHB Jim Unknown
|
0-0: Ball 1-0: Ball 2-0: Called Strike 2-1: Foul Ball, location: 2F 2-2: SINGLE (Line Drive, 89S)
|
Batting: RHB José Magana
|
0-0: Fly out, F3 (Popup, 3L)
|
Batting: SHB Britt Ducker
|
0-0: Ball 1-0: Foul Ball, location: 2F 1-1: Foul Ball, location: 2F 1-2: Ground out U3 (Groundball, 34) Jim Unknown to second
|
Batting: RHB Pablo Ledesma
|
0-0: Ball 1-0: Foul Ball, location: 2F 1-1: Foul Ball, location: 2F 1-2: SINGLE (Groundball, 34D) Jim Unknown to third Runner from 3rd tries for Home, throw and OUT!
|
Bottom of the 6th over - 0 run(s), 2 hit(s), 0 error(s), 1 left on base; Belvedere Park 2 - Long Island 5 |
TOP OF THE 7TH |
Belvedere Park Rawhides batting - Pitching for Long Island Seawolves : RHP Jim Unknown
|
Pitching: LHP Jim Unknown
|
|
Batting: RHB José Ortíz
|
0-0: Foul Ball, location: 2F 0-1: Ball 1-1: Ground out 6-3 (Groundball, 6)
|
Batting: RHB Fernando Rutledge
|
0-0: Called Strike 0-1: Ball 1-1: Foul Ball, location: 2F 1-2: Strikes out swinging
|
Batting: RHB Marshall Lamar
|
0-0: Foul Ball, location: 2F 0-1: Swinging Strike 0-2: Ball 1-2: Ball 2-2: Strikes out swinging
|
Top of the 7th over - 0 run(s), 0 hit(s), 0 error(s), 0 left on base; Belvedere Park 2 - Long Island 5 |
BOTTOM OF THE 7TH |
Long Island Seawolves batting - Pitching for Belvedere Park Rawhides : RHP Ricardo Suárez
|
Pitching: RHP Iván Flores
|
|
Batting: RHB Arturo Morales
|
0-0: Called Strike 0-1: Ball 1-1: Fly out, F7 (Flyball, 7D)
|
Batting: LHB Joe Sutton
|
0-0: Ball 1-0: Ball 2-0: Foul Ball, location: 2F 2-1: Ball 3-1: Foul Ball, location: 2F 3-2: Foul Ball, location: 2F 3-2: Foul Ball, location: 2F 3-2: Base on Balls
|
Batting: LHB Jim Unknown
|
0-0: Called Strike Joe Sutton steals 2nd base 0-1: Ball 1-1: SINGLE (Flyball, 89S) Joe Sutton to third Runner from 3rd tries for Home, throw and OUT! Jim Unknown to second
|
Batting: RHB Jesús Quintana
|
0-0: Ball Jim Unknown is caught stealing 3rd base
|
Bottom of the 7th over - 0 run(s), 1 hit(s), 0 error(s), 0 left on base; Belvedere Park 2 - Long Island 5 |
TOP OF THE 8TH |
Belvedere Park Rawhides batting - Pitching for Long Island Seawolves : LHP Jim Unknown
|
Batting: RHB Ed Jozwiak
|
0-0: Called Strike 0-1: Ball 1-1: SINGLE (Groundball, 6MD)
|
Pitching: RHP Carlos Rosales
|
|
Batting: SHB Manuel González
|
0-0: Foul Ball, location: 2F 0-1: Foul Ball, location: 2F 0-2: SINGLE (Flyball, 7LM) Ed Jozwiak to second
|
Batting: RHB Tracy Parker
|
0-0: Foul Ball, location: 2F 0-1: Ball 1-1: Foul Ball, location: 2F 1-2: Ball 2-2: Fly out, F7 (Flyball, 7)
|
Batting: LHB António Serrano
|
0-0: Ball 1-0: Fly out, F8 (Flyball, 8LM)
|
Batting: RHB Hugo Rampley
|
0-0: Called Strike 0-1: Foul Ball, location: 2F 0-2: Fly out, F7 (Line Drive, 7D)
|
Top of the 8th over - 0 run(s), 2 hit(s), 0 error(s), 2 left on base; Belvedere Park 2 - Long Island 5 |
BOTTOM OF THE 8TH |
Long Island Seawolves batting - Pitching for Belvedere Park Rawhides : RHP Iván Flores
|
Batting: RHB Jesús Quintana
|
0-0: Called Strike 0-1: Foul Ball, location: 2F 0-2: Fly out, F8 (Flyball, 8RM)
|
Batting: RHB Sang Hong-Do
|
0-0: Ground out 6-3 (Groundball, 56)
|
Batting: RHB Jim Unknown
|
0-0: Ball 1-0: Foul Ball, location: 2F 1-1: Ball 2-1: Foul Ball, location: 2F 2-2: DOUBLE (Flyball, 8LD)
|
Batting: RHB José Magana
|
0-0: Ground out 5-3 (Groundball, 56S)
|
Bottom of the 8th over - 0 run(s), 1 hit(s), 0 error(s), 1 left on base; Belvedere Park 2 - Long Island 5 |
TOP OF THE 9TH |
Belvedere Park Rawhides batting - Pitching for Long Island Seawolves : RHP Carlos Rosales
|
Pitching: RHP Tommy Middleton
|
|
Batting: LHB José Pérez
|
0-0: Called Strike 0-1: Foul Ball, location: 2F 0-2: Ball 1-2: Strikes out swinging
|
Batting: RHB José Ortíz
|
0-0: Ball 1-0: Called Strike 1-1: Foul Ball, location: 2F 1-2: Foul Ball, location: 2F 1-2: Strikes out swinging
|
Batting: RHB Fernando Rutledge
|
0-0: Ball 1-0: Foul Ball, location: 2F 1-1: Swinging Strike 1-2: Foul Ball, location: 2F 1-2: Strikes out swinging
|
Top of the 9th over - 0 run(s), 0 hit(s), 0 error(s), 0 left on base; Belvedere Park 2 - Long Island 5 |
|